 Dungeon Crawl Stone Soup version 0.23.2-40-g277498a001 (webtiles) character file.

Game seed: 7803287456856851535

158 Emblim88 the Sneak (level 5, 0/36 HPs)
             Began as an Octopode Assassin on Oct 17, 2019.
             Slain by a water moccasin (7 damage)
             ... on level 4 of the Dungeon.
             The game lasted 00:09:15 (2486 turns).

Emblim88 the Sneak (Octopode Assassin)              Turns: 2486, Time: 00:09:15

Health: 0/36       AC:  1    Str: 10    XL:     5   Next: 39%
Magic:  5/5        EV: 13    Int: 13    God:
Gold:   195        SH:  3    Dex: 15    Spells: 4/4 levels left

rFire    . . .     SeeInvis .   a - +2 dagger
rCold    . . .     Gourm    .   m - +0 buckler
rNeg     . . .     Faith    .   (helmet restricted)
rPois    +         Spirit   .   (no amulet)
rElec    .         Reflect  .   g - ring of poison resistance
rCorr    .         Harm     .   (no ring)
MR       .....                  (no ring)
Stlth    ++++......             (no ring)
HPRegen  0.12/turn              (no ring)
MPRegen  0.09/turn              (no ring)
                                (no ring)
                                (no ring)

@: no status effects
A: almost no armour, stealthy swim, amphibious, 8 rings, constrict 8, camouflage
1, gelatinous body 1
a: no special abilities


You were on level 4 of the Dungeon.
You were not hungry.

You visited 1 branch of the dungeon, and saw 4 of its levels.

You collected 195 gold pieces.

Inventory:

Hand Weapons
 a - a +2 dagger (weapon)
 b - a +0 blowgun
Missiles
 c - 4 poisoned needles
 q - 59 stones (quivered)
Armour
 m - a +0 buckler (worn)
Jewellery
 g - a ring of poison resistance (left tentacle)
Scrolls
 k - a scroll of noise {unknown}
 l - 2 scrolls of teleportation {unknown}
 p - 4 scrolls of identify {unknown}
 r - a scroll of magic mapping {unknown}
 s - a scroll of fear {unknown}
 w - a scroll of enchant armour {unknown}
Potions
 d - 2 potions of mutation {unknown}
 e - 2 potions of degeneration {unknown}
 h - 2 potions of berserk rage {unknown}
 i - a potion of agility
 j - a potion of cancellation {unknown}
 n - a potion of might {unknown}
 o - a potion of lignification {unknown}
 t - a potion of experience {unknown}
 u - a potion of ambrosia {unknown}
Comestibles
 f - 2 rations
 v - 2 chunks of flesh


   Skills:
 + Level 2.8 Fighting
 + Level 2.8 Short Blades
 - Level 2.5 Throwing
 + Level 2.2 Dodging
 * Level 6.9 Stealth


You had 4 spell levels left.
You didn't know any spells.
Your spell library was empty.

Dungeon Overview and Level Annotations

Branches:
Dungeon (4/15)
 Temple: D:4-7

Altars:
Makhleb

Shops:
D:4 *


Innate Abilities, Weirdness & Mutations

You cannot wear most types of armour.
You are very stealthy in the water. (Stealth+)
You are amphibious.
You can wear up to eight rings at the same time.
You can use your tentacles to constrict eight enemies at once.
Your skin changes colour to match your surroundings (Stealth+).
Your rubbery body absorbs attacks. (AC +1, EV +1)


Message History

The ball python bites you. The ball python barely misses you.
You hit the water moccasin but do no damage.
The water moccasin is lightly wounded.
You constrict the water moccasin. The water moccasin bites you!
The ball python bites you. The ball python grabs you.
The ball python constricts you.
You escape the ball python's grasp.
You release your grip on the water moccasin.
The water moccasin closely misses you. The water moccasin barely misses you.
You see here a ring mail.
The water moccasin bites you. You block the water moccasin's attack.
The water moccasin bites you!
* * * LOW HITPOINT WARNING * * *
The water moccasin barely misses you.
Things that are here:
a +0 hand axe; a +0 leather armour; an orc corpse The water moccasin bites you!
You die...

###.################.#
#................#.#
################.#.# #.#.#
###.#.##### #...#<.....
#########...##.####
###############.....#............
#...............@S.S)..........[.
#.#############...#[).#####...##.
#.# ###.#....# #.#.##† #.#
####### #.##..## #<#.##. #.#
#.....# #..)..#######.### #)#
#.....# #######.#.......#
#.#####.....###...#.......#######
#>...................#..#...†....
###÷##########.#.....#..#.#######


You could see a water moccasin and a ball python.

Vanquished Creatures
  An iguana (D:4)
  A worker ant (D:4)
  3 adders
  An ooze (D:1)
  4 worms
  A dart slug (D:3)
  4 leopard geckos
  3 orcs (D:4)
  A ball python (D:4)
  2 giant cockroaches (D:1)
  6 goblins
  6 hobgoblins
  2 jackals (D:4)
  A quokka (D:3)
  4 bats
  2 frilled lizards
  13 kobolds
  5 rats
60 creatures vanquished.

Notes
Turn   | Place    | Note
-------+----------+-------------------------------------------
     0 | D:1      | Emblim88 the Octopode Assassin began the quest for the Orb.
     0 | D:1      | Reached XP level 1. HP: 14/14 MP: 1/1
   108 | D:1      | Reached XP level 2. HP: 19/19 MP: 2/2
   769 | D:2      | Reached XP level 3. HP: 22/24 MP: 3/3
   851 | D:2      | Reached skill level 6 in Stealth
  1291 | D:2      | Reached XP level 4. HP: 28/30 MP: 4/4
  1394 | D:2      | Found a burning altar of Makhleb.
  1450 | D:2      | Noticed a green death
  1454 | D:2      | Noticed a hellwing
  1454 | D:2      | Noticed a smoke demon
  2352 | D:4      | Reached XP level 5. HP: 35/35 MP: 5/5
  2458 | D:4      | Found Veoczotzo's Serpentskin Sales.
  2458 | D:4      | Noticed a water moccasin
  2486 | D:4      | Slain by a water moccasin

Skill      XL: |  1  2  3  4 |
---------------+-------------+-----
Stealth        | 6 |  6.9
Dodging        | 2 |  2.2
Fighting       | |  2.8
Short Blades   | |  2.8
Throwing       | |  2.5

Action                   |  1- 3 |  4- 6 || total
-------------------------+-------+-------++-------
Melee: Dagger            |    50 |    48 ||    98
       Tentacles         |    12 |    10 ||    22
       Constrict         |    11 |    12 ||    23
       Blowgun           |     1 |       ||     1
 Fire: Blowgun           |    31 |       ||    31
 Stab: Sleeping          |     5 |    12 ||    17
       Distracted        |       |     1 ||     1
  Eat: Chunk             |     1 |       ||     1
       Ration            |       |     1 ||     1
Armor: Skin              |     7 |     3 ||    10
Dodge: Dodged            |    42 |    20 ||    62
Block: Buckler           |     2 |     2 ||     4
